 Dungeon Sprint DCSS version 0.30-a0-862-g1aabd4f9c5 (webtiles) character file.

Game seed: 7586585092308729905

71 BigDaddyOpFi the Nimble (level 8, -3/96 HPs)
             Began as an Octopode Fighter on Mar 8, 2023.
             Slain by a red devil
             ... wielding a +0 trident
              (13 damage)
             ... in the Dungeon (Sprint VI: "Thunderdome").
             The game lasted 00:01:43 (462 turns).

BigDaddyOpFi the Nimble (Octopode Fighter)           Turns: 462, Time: 00:01:43

Health: -3/96      AC:  1    Str: 25    XL:     8   Next: 51%
Magic:  0/8        EV: 21    Int:  9    God:
Gold:   40         SH:  8    Dex: 24    Spells: 7/7 levels left

rFire   + . .      SeeInvis +    r - +7 Throatcutter {drain, coup de grace}
rCold   + + +      Faith    .    b - +0 buckler
rNeg    + . .      Spirit   +    (helmet restricted)
rPois   +          Reflect  .    n - amulet "Netsyloi" {Spirit rCorr Int-4 Dex+4 SInv}
rElec   +          Rampage  .    o - ring "Ciago" {Fly rElec rC++ rN+ Int-4}
rCorr   +          NoTele   +    p - ring "Wayrienn" {Will+ Str+6 Int+2}
Will    ++...                    q - ring "Zuos" {rElec rF+ Dex+6} Stlth
                                 s - ring "Onuorch" {Fly Int+3}
HPRegen 0.36/turn                t - ring of Biwkeph {Ice Will+ Str+2 Int+2 Dex+2}
MPRegen 0.11/turn                (no ring)
                                 (no ring)
                                 (no ring)

@: mighty, berserking (expiring), resistant, spiked, flying, hasted, very quick
A: almost no armour, amphibious, 8 rings, camouflage 1, gelatinous body 1,
(nimble swimmer 1), tentacles
a: no special abilities


You were in the Dungeon.
You visited 1 branch You collected 310 gold pieces.
You spent 270 gold pieces at shops.

Inventory:

Hand Weapons
 a - a +0 war axe
 r - the +7 Throatcutter (weapon) {drain, coup de grace}
   (You took it off Terence in the Dungeon)
Armour
 b - a +0 buckler (worn)
Jewellery
 n - the amulet "Netsyloi" (around mantle) {Spirit rCorr Int-4 Dex+4 SInv}
   (You bought it in a shop in the Dungeon)

   [amulet of guardian spirit]

   It causes incoming damage to be divided between your reserves of health and
   magic.
   Int:       It affects your intelligence (-4).
   Dex:       It affects your dexterity (+4).
   SInv:      It lets you see invisible.
   rCorr:     It protects you from acid and corrosion.
 o - the ring "Ciago" (left tentacle) {Fly rElec rC++ rN+ Int-4}
   (You bought it in a shop in the Dungeon)

   [ring of positive energy]

   Int:       It affects your intelligence (-4).
   rC:        It greatly protects you from cold.
   rElec:     It insulates you from electricity.
   rN:        It protects you from negative energy.
   Fly:       It grants you flight.
 p - the ring "Wayrienn" (right tentacle) {Will+ Str+6 Int+2}
   (You bought it in a shop in the Dungeon)

   [ring of strength]

   Str:       It affects your strength (+6).
   Int:       It affects your intelligence (+2).
   Will:      It increases your willpower.
 q - the ring "Zuos" (on tentacle) {rElec rF+ Dex+6}
   (You bought it in a shop in the Dungeon)

   [ring of dexterity]

   Dex:       It affects your dexterity (+6).
   rF:        It protects you from fire.
   rElec:     It insulates you from electricity.
 s - the ring "Onuorch" (on tentacle) {Fly Int+3}
   (You bought it in a shop in the Dungeon)

   [ring of flight]

   Int:       It affects your intelligence (+3).
   Fly:       It grants you flight.
 t - the ring of Biwkeph (on tentacle) {Ice Will+ Str+2 Int+2 Dex+2}
   (You bought it in a shop in the Dungeon)

   [ring of ice]

   It enhances your ice magic.
   Str:       It affects your strength (+2).
   Int:       It affects your intelligence (+2).
   Dex:       It affects your dexterity (+2).
   rF:        It makes you vulnerable to fire.
   rC:        It protects you from cold.
   Will:      It increases your willpower.
Wands
 k - a wand of quicksilver (5)
 l - a wand of roots (5)
Scrolls
 i - 4 scrolls of blinking
 m - 3 scrolls of fog
Potions
 d - a potion of curing
 e - 3 potions of heal wounds
 f - 3 potions of haste
 g - 2 potions of magic
 j - a potion of resistance


   Skills:
 + Level 9.8 Fighting
 + Level 8.6 Long Blades
 - Level 3.5 Axes
 + Level 9.8 Dodging
 + Level 9.8 Shields


You had 7 spell levels left.
You didn't know any spells.
Your spell library was empty.

Dungeon Overview and Level Annotations

Branches:
Dungeon (1/1)

Altars:
Cheibriados
Dithmenos
Fedhas
Gozag
Kikubaaqudgha
Makhleb
Okawaru
Qazlal
Ru
Sif Muna
Trog
Uskayaw
Vehumet
Wu Jian
Xom
Yredelemnul
Zin
The Shining One
Lugonu

Shops:
D *[??*?*:[((!!!!


Innate Abilities, Weirdness & Mutations

You cannot wear most types of armour.
You are amphibious.
You can wear up to eight rings at the same time.
Your skin changes colour to match your surroundings (Stealth+).
Your rubbery body absorbs attacks. (AC +1, EV +1)
((You are camouflaged when in or above water. (Stealth+)))
You have tentacles for arms and can constrict up to eight enemies at once.


Message History

The rust devil is severely wounded.
You constrict the rust devil, but do no damage.
You slash the rust devil!
You behead the rust devil!
You kill the rust devil!
The red devil hits you from afar with a +0 trident!
Barbed spikes become lodged in your body.
The orange demon stings you from afar. The red devil barely misses you.
The hellwing misses you. x2
Unknown command.
You hit the hellwing. You squeeze the hellwing.
The hellwing is lightly wounded.
You slash the hellwing!
The hellwing is heavily wounded.
The red devil closely misses you. The orange demon barely misses you.
You block the red devil's attack. The hellwing completely misses you.
The hellwing hits you!
* * * LOW HITPOINT WARNING * * *
You slash the hellwing!
The hellwing is severely wounded.
You block the red devil's attack. You block the orange demon's attack.
The red devil hits you but does no damage.
The hellwing misses you. The hellwing closely misses you.
You slash the hellwing!
The hellwing is severely wounded.
You block the red devil's attack. The orange demon misses you.
The red devil hits you from afar with a +0 trident!
* * * LOW HITPOINT WARNING * * *
Barbed spikes become lodged in your body.
The hellwing closely misses you. The hellwing hits you.
* * * LOW HITPOINT WARNING * * *
Unknown command.
You slash the hellwing!
The hellwing is almost dead.
Unknown command.
You slash the hellwing!
You kill the hellwing! 50...
You block the red devil's attack.
The red devil hits you from afar with a +0 trident!
You die...

###∩........8.#
#.8........∩#
##∩___......###......___∩##
######.8.........8.######
#⌠...........§#
###.........### #_......._#
#_...444._# #_......._#
#∩....@..∩# ##∩.....∩##
##.....## ##⌠⌠⌠## #####


You could see an orange demon and 2 red devils.

Vanquished Creatures
  A rust devil (D)
  An ice devil (D)
  A hellwing (D)
  A queen bee (D)
  A water moccasin (D)
  3 scorpions (D)
  5 killer bees (D)
  Terence (D)
  An orc (D)
  2 ball pythons (D)
  A bat (D)
  A kobold (D)
19 creatures vanquished.

Notes
Turn   | Place    | Note
-------+----------+-------------------------------------------
     0 | D        | BigDaddyOpFi the Octopode Fighter began the quest for the
                  | Orb.
     0 | D        | Reached XP level 1. HP: 16/16 MP: 1/1
     4 | D        | Found an iron altar of Okawaru.
     5 | D        | Found a stormy altar of Qazlal.
     5 | D        | Found a shadowy altar of Dithmenos.
     5 | D        | Round 1.
     6 | D        | Found an ancient bone altar of Kikubaaqudgha.
     7 | D        | Found a glowing golden altar of the Shining One.
     7 | D        | Found a shimmering altar of Xom.
     7 | D        | Found Eddin's Identification Station.
     8 | D        | Found Omoe's Jewellery.
     8 | D        | Found Qeustrero's Advanced Armour.
    21 | D        | Noticed Terence
    23 | D        | Bought a shimmering silver amulet for 45 gold pieces
    23 | D        | Identified the amulet "Netsyloi" {Spirit rCorr Int-4 Dex+4
                  | SInv} (You bought it in a shop in the Dungeon)
    23 | D        | Bought a brightly glowing bone ring for 45 gold pieces
    23 | D        | Identified the ring "Ciago" {Fly rElec rC++ rN+ Int-4} (You
                  | bought it in a shop in the Dungeon)
    23 | D        | Bought a bound jade ring for 45 gold pieces
    23 | D        | Identified the ring "Wayrienn" {Will+ Str+6 Int+2} (You
                  | bought it in a shop in the Dungeon)
    23 | D        | Bought a bound lead ring for 45 gold pieces
    23 | D        | Identified the ring "Zuos" {rElec rF+ Dex+6} (You bought it
                  | in a shop in the Dungeon)
    39 | D        | Killed Terence
    39 | D        | Arena points: 14 (+14) [x2]
    40 | D        | Reached XP level 2. HP: 14/22 MP: 2/2
    40 | D        | Reached XP level 3. HP: 17/27 MP: 3/3
    97 | D        | Round 2.
    98 | D        | Found a bloodstained altar of Trog.
    99 | D        | Found an opulent altar of Gozag.
   100 | D        | Found a sacrificial altar of Ru.
   101 | D        | Found Lyge's Premium Goods.
   102 | D        | Found a basalt altar of Yredelemnul.
   102 | D        | Found an ornate altar of the Wu Jian Council.
   102 | D        | Found a burning altar of Makhleb.
   102 | D        | Found Piycufargh's Weapon Rack.
   102 | D        | Found Rosuceck's Miscellaneous Merchandise.
   102 | D        | Found Ituhem's Basic Armour.
   115 | D        | Noticed a scorpion
   119 | D        | Killed a scorpion
   120 | D        | Reached skill level 5 in Fighting
   120 | D        | Reached skill level 5 in Dodging
   120 | D        | Reached skill level 5 in Shields
   120 | D        | Reached XP level 4. HP: 35/35 MP: 4/4
   122 | D        | Found a hide-covered altar of Uskayaw.
   124 | D        | Found a blossoming altar of Fedhas.
   125 | D        | Found Xiakedd's Do-It-Yourself Clinic.
   125 | D        | Found a snail-covered altar of Cheibriados.
   125 | D        | Found a shimmering blue altar of Sif Muna.
   125 | D        | Found Fokixyka's Distillery.
   126 | D        | Found Heuth's Bottled Wisdom.
   126 | D        | Found Atujirhegeo's Distillery.
   160 | D        | Noticed a scorpion
   163 | D        | Found a radiant altar of Vehumet.
   164 | D        | Found a corrupted altar of Lugonu.
   167 | D        | Found a glowing silver altar of Zin.
   167 | D        | Found Pekk's Staff Store.
   167 | D        | Found Xiwnef's Magic Scroll Shop.
   167 | D        | Noticed a water moccasin
   168 | D        | Found Faceur's Must-Have Magic.
   168 | D        | Found Zagh's Magic Scroll Shop.
   170 | D        | Killed a scorpion
   171 | D        | Reached XP level 5. HP: 41/41 MP: 5/5
   178 | D        | Reached XP level 6. HP: 19/47 MP: 3/6
   182 | D        | Reached skill level 5 in Long Blades
   182 | D        | Killed a water moccasin
   182 | D        | Arena points: 56 (+42) [x3]
   241 | D        | Round 3.
   251 | D        | Bought a flickering bronze ring for 45 gold pieces
   251 | D        | Identified the ring "Onuorch" {Fly Int+3} (You bought it in
                  | a shop in the Dungeon)
   251 | D        | Bought a crude pewter ring for 45 gold pieces
   251 | D        | Identified the ring of Biwkeph {Ice Will+ Str+2 Int+2
                  | Dex+2} (You bought it in a shop in the Dungeon)
   258 | D        | Reached XP level 7. HP: 53/54 MP: 7/7
   403 | D        | Noticed a queen bee
   410 | D        | Killed a queen bee
   427 | D        | Arena points: 71 (+15) [x1]
   442 | D        | Round 4.
   443 | D        | Noticed a rust devil
   443 | D        | Noticed an ice devil
   443 | D        | Noticed a red devil
   443 | D        | Noticed an orange demon
   443 | D        | Noticed a hellwing
   444 | D        | Noticed a red devil
   452 | D        | Killed an ice devil
   453 | D        | Reached XP level 8. HP: 63/63 MP: 5/8
   456 | D        | Killed a rust devil
   462 | D        | Killed a hellwing
   462 | D        | Slain by a red devil

Illustrated notes

Levels and vault maps discovered:
D:        arena_sprint

Skill      XL: |  1  2  3  4  5  6  7 |
---------------+----------------------+-----
Fighting       | 4 5 6 7 9 |  9.8
Axes           | 3 |  3.5
Dodging        | 4 5 6 7 9 |  9.8
Shields        | 4 5 6 7 9 |  9.8
Long Blades    | 2 3 4 6 8 |  8.6

Action                     |  1- 3 |  4- 6 |  7- 9 || total
---------------------------+-------+-------+-------++-------
  Melee: War axe           |    10 |       |       ||    10
         Constrict         |     3 |     3 |     4 ||    10
         Tentacles         |     2 |       |     5 ||     7
         Long sword        |     2 |    11 |    19 ||    32
    Use: Potion            |       |     1 |     4 ||     5
 Armour: Skin              |     2 |       |     1 ||     3
  Dodge: Dodged            |    13 |    11 |    18 ||    42
  Block: Buckler           |     5 |     6 |    10 ||    21

Table legend: (Time is in decaauts)
 A = Elapsed time spent in this place.
 B = Non-inter-level travel time spent in this place.
 C = Inter-level travel time spent in this place.
 D = Time resting spent in this place.
 E = Time spent auto-exploring this place.
 F = Levels seen in this place.
 G = Mean time per level.
                   A        B        C        D        E       F      G
               +--------+--------+--------+--------+--------+-----+--------+
         Total |    463 |    463 |      0 |    288 |      0 |   1 |  463.0 |
       Dungeon |    463 |    463 |      0 |    288 |      0 |   1 |  463.0 |
               +--------+--------+--------+--------+--------+-----+--------+

Top non-repeatable levels by time:
       D: 463 daAuts
